 Dungeon Crawl Stone Soup version 0.22-a0-515-g75794bf (webtiles) character file.

2 Amnesiac the Ducker (level 1, -3/11 HPs)
             Began as a Spriggan Monk on June 19, 2018.
             Killed by divine providence
             ... invoked by an orc priest
              (11 damage)
             ... on level 4 of the Dungeon.
             The game lasted 00:01:05 (445 turns).

Amnesiac the Ducker (Spriggan Monk)                  Turns: 445, Time: 00:01:06

Health: -3/11      AC:  2    Str:  7    XL:     1   Next: 33%
Magic:  2/2        EV: 20    Int: 11    God:
Gold:   30         SH:  0    Dex: 18    Spells: 0/0 levels left

rFire    . . .     SeeInvis +   a - +0 short sword
rCold    . . .     Gourm    .   (shield restricted)
rNeg     . . .     Faith    .   b - +0 robe
rPois    .         Spirit   .   (helmet restricted)
rElec    .         Reflect  .   (no cloak)
rCorr    .         Harm     .   (gloves unavailable)
MR       .....                  (boots unavailable)
Stlth    +++.......             (no amulet)
HPRegen  0.03/turn              (no ring)
MPRegen  0.08/turn              (no ring)

@: very quick
A: very small, unfitting armour, see invisible, herbivore, speed 3, slow
metabolism 2
a: no special abilities


You were on level 4 of the Dungeon.
You were not hungry.

You visited 1 branch of the dungeon, and saw 4 of its levels.

You collected 30 gold pieces.

Inventory:

Hand Weapons
 a - a +0 short sword (weapon)
 f - a +0 hunting sling
Armour
 b - a +0 robe (worn)
Scrolls
 d - 3 scrolls of identify {!r, unknown}
 e - a scroll of random uselessness {!r, unknown}
 g - a scroll of enchant armour {!r, unknown}
Comestibles
 c - 3 rations


   Skills:
 - Level 2.4 Fighting
 * Level 3.3 Short Blades
 - Level 4.4 Dodging
 + Level 3.3 Stealth


You couldn't memorise any spells.
You didn't know any spells.
Your spell library was empty.

Dungeon Overview and Level Annotations

Branches:
Dungeon (4/15)
 Temple: D:4-7

Altars:
Cheibriados
Makhleb
Vehumet

Annotations:
D:4 3 runed doors, TheNamelessOne's ghost, amateur OpTm


Innate Abilities, Weirdness & Mutations

You are very small and have problems with some larger weapons.
You are too small for most types of armour.
You have supernaturally acute eyesight. (SInv)
You are a herbivore.
You cover ground extremely quickly.
You need to consume almost no food.


Message History

An adder is nearby!
The adder hisses angrily.
An adder comes into view.
You see here 13 gold pieces.
You now have 17 gold pieces (gained 13).
The adder closely misses you.
A kobold comes into view. It is wielding a dagger.
The kobold shouts!
The adder completely misses you.
The kobold moves out of view.
Found a stone staircase leading down and a stone staircase leading up.
The kobold closely misses you. The kobold closely misses you.
There is a stone staircase leading down here.
The kobold completely misses you.
You climb downwards.
A worker ant, an ogre, a crimson imp and 2 giant lizards come into view.
The ogre shouts!
The worker ant twitches its antennae in your direction.
The frilled lizard hisses angrily.
The crimson imp shouts!
The leopard gecko hisses angrily.
You hear a shout! x3
Found 15 gold pieces and 2 viscous sapphire potions.
Found an escape hatch in the ceiling.
There is a stone staircase leading up here.
The crimson imp blinks!
Found a hunting sling.
You see here a hunting sling.
f - a hunting sling
Found 26 gold pieces, a helmet and a sedimented emerald potion.
Found a runed gate.
Found 32 stones.
TheNamelessOne's ghost turns its malevolent gaze towards you.
Found a ration.
You open the door.
Found a scroll labeled IDWOSO LEOBUE.
There is an open door here.
You open the door.
Found a radiant altar of Vehumet.
You open the door.
Found a snail-covered altar of Cheibriados.
You open the door.
Found a burning altar of Makhleb.
g - a scroll labeled IDWOSO LEOBUE {!r}
There are no items here.
There is an open door here.
There is an open door here.
There is an open door here.
The kobold closely misses you.
You see here a ration.
c - 3 rations (gained 1)
The kobold hits you with a dagger.
Found a scroll labeled HANUOMOILI.
The frilled lizard hisses angrily.
You see here 13 gold pieces.
You now have 30 gold pieces (gained 13).
An orc priest comes into view. It is wielding a short sword.
You see here a scroll labeled HANUOMOILI {!r}.
d - 3 scrolls labeled HANUOMOILI {!r} (gained 1)
An orc wizard comes into view. It is wielding a spear.
The frilled lizard misses you.
The crimson imp shouts!
The orc priest calls down the wrath of Beogh upon you.
Beogh smites you!
Ouch! That really hurt!
You die...

......... ###..........##.#..
.....o<................###_.'.8
..a....$...####........# ##.#..
...!....5..####........# # ##'
l............####..##### #..
..........##..###########.
...o......##............#.
........l..O.K....O...K...
.........@##.####+++###...
#.........#..##..Z.Z.Z####
#.....####...###..Z[.## ####..
#.#.##.......# #..
#.#.###..!$.## #.
..#.##..#.#(.# #..#.##########
..


You could see an ogre, an orc priest, a crimson imp, a kobold and a frilled
lizard.

Vanquished Creatures
  A goblin (D:1)
  A kobold (D:3)
  A quokka skeleton (D:3)
3 creatures vanquished.

Notes
Turn   | Place    | Note
-------+----------+-------------------------------------------
     0 | D:1      | Amnesiac the Spriggan Monk began the quest for the Orb.
     0 | D:1      | Reached XP level 1. HP: 11/11 MP: 2/2
   343 | D:4      | Noticed an ogre
   343 | D:4      | Noticed a worker ant
   343 | D:4      | Noticed a crimson imp
   361 | D:4      | Found a runed gate.
   361 | D:4      | Found a runed gate.
   361 | D:4      | Found a runed gate.
   362 | D:4      | Noticed TheNamelessOne's ghost (amateur OpTm)
   380 | D:4      | Found a radiant altar of Vehumet.
   383 | D:4      | Found a snail-covered altar of Cheibriados.
   385 | D:4      | Found a burning altar of Makhleb.
   440 | D:4      | Noticed an orc priest
   441 | D:4      | Noticed an orc wizard
   445 | D:4      | Killed from afar by an orc priest

Vault maps used:
D:1:      ebering_trefoil_3fold
D:2:      minmay_tree_intersection, uniq_robin
D:3:      amethyst_killhole
D:4:      grunt_temple_overflow_diamond, gammafunk_ghost_necromancy,
          first_ration, uniq_ijyb

Action                   || total
-------------------------++-------
Melee: Short sword       ||    13
 Stab: Sleeping          ||     1
Armor: Robe              ||     1
Dodge: Dodged            ||    13

Table legend:
 A = Spawn XP
 B = Non-spawn XP
 C = Spawn XP percentage of total XP
 D = Spawn monster count
 E = Non-spawn monster count
 F = Spawn count percentage of total count
 G = Total turns spent on level
                    A         B        C        D         E        F      G
               +---------+---------+-------+---------+---------+-------+---------
         Total |       0 |       4 |   0.0 |       0 |       3 |   0.0 |   445
               +---------+---------+-------+---------+---------+-------+---------
           D:1 |       0 |       2 |   0.0 |       0 |       1 |   0.0 |   183
           D:3 |       0 |       2 |   0.0 |       0 |       2 |   0.0 |   148
               +---------+---------+-------+---------+---------+-------+---------
